 Dungeon Crawl Stone Soup version 0.26.1-2-gb8aa6d0cf2 (webtiles) character file.

Game seed: 7414027120389276422

75 DarkShadow the Covered (level 4, 0/40 HPs)
             Began as a Minotaur Fighter on Mar 24, 2021.
             Succumbed to an adder's poison
             ... on level 2 of the Dungeon.
             The game lasted 00:02:35 (1339 turns).

DarkShadow the Covered (Minotaur Fighter)           Turns: 1339, Time: 00:02:36

Health: 0/40       AC:  7    Str: 21    XL:     4   Next: 11%
Magic:  3/3        EV:  8    Int:  5    God:
Gold:   51         SH:  9    Dex: 10    Spells: 3/3 levels left

rFire    . . .     SeeInvis .   a - +0 war axe
rCold    . . .     Faith    .   c - +0 kite shield
rNeg     . . .     Spirit   .   b - +0 scale mail
rPois    .         Reflect  .   (helmet restricted)
rElec    .         Harm     .   (no cloak)
rCorr    .         Rampage  .   (no gloves)
Will     .....                  (no boots)
Stlth    ..........             (no amulet)
HPRegen  0.13/turn              (no ring)
MPRegen  0.08/turn              (no ring)

@: lethally poisoned (0 -> -3)
A: retaliatory headbutt, horns 2
a: no special abilities


You were on level 2 of the Dungeon.
You visited 1 branch of the dungeon, and saw 2 of its levels.

You collected 51 gold pieces.

Inventory:

Hand Weapons
 a - a +0 war axe (weapon)
Armour
 b - a +0 scale mail (worn)
 c - a +0 kite shield (worn)
 f - a scarf of invisibility
Jewellery
 g - an uncursed ring of protection from fire {unknown}
 h - an uncursed amulet of guardian spirit {unknown}
 k - an uncursed ring of willpower {unknown}
Scrolls
 e - a scroll of identify {unknown}
 j - a scroll of remove curse {unknown}
Potions
 d - a potion of might


   Skills:
 + Level 4.0 Fighting
 + Level 3.0 Axes
 + Level 4.5 Armour
 + Level 1.3 Dodging
 + Level 4.3 Shields


You had 3 spell levels left.
You didn't know any spells.
Your spell library was empty.

Dungeon Overview and Level Annotations

Branches:
Dungeon (2/15)

Altars:


Innate Abilities, Weirdness & Mutations

You reflexively headbutt those who attack you in melee.
You have a pair of horns on your head.


Message History

The adder barely misses you. You furiously retaliate!
You headbutt the adder. You block the worm's attack.
You barely miss the adder. You headbutt the adder.
You kill the adder!
You slash the worm!
* * * LOW HITPOINT WARNING * * *
You feel sick. The worm barely misses you. You furiously retaliate!
You headbutt the worm!
You kill the worm!
Your Dodging skill increases to level 1!
You have reached level 4!
You feel stronger.
There is a lethal amount of poison in your body!
It was a potion of magic.
Magic courses through your body.
* * * LOW HITPOINT WARNING * * *
You feel sick.
You see here an adder corpse.
* * * LOW HITPOINT WARNING * * *
You feel sick.
You die...

.......[..............)
...#...................
##.........?...........
#......................
#......................
########............)..$......
..............................
#........$...@....†........
####...........(......†.......
........^...<..#####..........
.###..!......#...# #..........
.........###.###..##..........
...#####....... ....(....####.
... ..###.### .#####.## .#
.... #.# .. .. . ......... ##


There were no monsters in sight!

Vanquished Creatures
  3 adders (D:2)
  An ooze (D:2)
  A worm (D:2)
  2 dart slugs (D:1)
  2 leopard geckos (D:1)
  2 giant cockroaches (D:1)
  4 goblins (D:1)
  A hobgoblin (D:1)
  3 jackals (D:1)
  4 bats (D:1)
  2 frilled lizards (D:1)
  2 kobolds (D:1)
  12 rats
39 creatures vanquished.

Notes
Turn   | Place    | Note
-------+----------+-------------------------------------------
     0 | D:1      | DarkShadow the Minotaur Fighter began the quest for the
                  | Orb.
     0 | D:1      | Reached XP level 1. HP: 19/19 MP: 0/0
   171 | D:1      | Reached XP level 2. HP: 23/27 MP: 1/1
   768 | D:1      | Reached XP level 3. HP: 33/33 MP: 2/2
  1333 | D:2      | Reached skill level 1 in Dodging
  1333 | D:2      | Reached XP level 4. HP: 3/40 MP: 3/3
  1334 | D:2      | HP: 2/40 [poisoned by an adder]
  1339 | D:2      | Succumbed to an adder's poison

Illustrated notes

Levels and vault maps discovered:
D:1:      dpeg_arrival_boxorama, layout_basic, kennysheep_decorative_pillar,
          minmay_heptomino_o4
D:2:      layout_rooms

Skill      XL: |  1  2  3 |
---------------+----------+-----
Armour         | 4 |  4.5
Shields        | 4 |  4.3
Fighting       | 4 |  4.0
Axes           | 3 |  3.0
Dodging        | 1 |  1.3

Action                   |  1- 3 |  4- 6 || total
-------------------------+-------+-------++-------
Melee: War axe           |    80 |       ||    80
       Headbutt          |     8 |       ||     8
  Use: Potion            |       |     1 ||     1
Armor: Scale mail        |    55 |       ||    55
Dodge: Dodged            |    23 |       ||    23
Block: Kite shield       |    63 |       ||    63
